 Dungeon Crawl Stone Soup version 0.28-a0-1182-g381e24db82 (webtiles) character file.

Game seed: 4129215897137677768

66 Froggeryz the Ducker (level 3, -4/17 HPs)
             Began as a Felid Berserker on Dec 17, 2021.
             Was a Follower of Trog.
             Killed from afar by an orc wizard (9 damage)
             ... with a magic dart
             ... on level 3 of the Dungeon.
             The game lasted 00:02:01 (3320 turns).

Froggeryz the Ducker (Felid Berserker)              Turns: 3320, Time: 00:02:02

Health: -4/17      AC:  1    Str: 15    XL:     3   Next: 96%
Magic:  4/4        EV: 19    Int:  8    God:    Trog [*.....]
Gold:   97         SH:  0    Dex: 15    Spells: 2/2 levels left
                                        Lives:  0   Deaths: 0

rFire   . . .      SeeInvis +     - Unarmed
rCold   . . .      Faith    .   (shield unavailable)
rNeg    . . .      Spirit   .   (armour unavailable)
rPois   .          Reflect  .   (helmet unavailable)
rElec   .          Harm     .   (cloak unavailable)
rCorr   .          Rampage  .   (gloves unavailable)
Will    .....                   (boots unavailable)
Stlth   +.........              (no amulet)
HPRegen 0.05/turn               (no ring)
MPRegen 0.09/turn               (no ring)

@: confused, hasted, very quick
A: very small, claws 1, fangs 3, see invisible, speed 1, shaggy fur 1, stealthy
paws, no weapons or thrown items, no armour, multi-lived
a: Renounce Religion, Berserk


You were on level 3 of the Dungeon.
You worshipped Trog.
Trog was aware of your devotion.
You visited 1 branch of the dungeon, and saw 3 of its levels.

You collected 97 gold pieces.

Inventory:

Jewellery
 a - a ring of magical power
 f - an amulet of faith
Scrolls
 b - a scroll of brand weapon {unknown}
 e - a scroll of teleportation {unknown}


   Skills:
 - Level 3.0 Fighting
 + Level 4.9 Dodging
 * Level 4.3 Unarmed Combat


You had 2 spell levels left.
You didn't know any spells.
Your spell library was empty.

Dungeon Overview and Level Annotations

Branches:
Dungeon (3/15)

Altars:


Innate Abilities, Weirdness & Mutations

You have sharp claws.
You have razor-sharp teeth.
You have supernaturally acute eyesight. (SInv)
You cover ground quickly. (Speed+)
You are covered in fur. (AC +1)
Your paws help you pounce on unaware monsters.
You are incapable of wielding weapons or throwing items.
You cannot wear armour.
You gain extra lives every three experience levels.


Message History

Trog accepts your kill.
The orc wizard points at you and mumbles some strange words.
You are confused.
The orc closely misses you.
You are too confused!
You bump into the rock wall.
The orc misses you.
You scratch the orc wizard.
The orc wizard is moderately wounded.
The orc wizard gestures at you while chanting.
You are more confused.
The orc closely misses you.
You're too confused to move!
You bump into the rock wall.
The orc wizard misses you.
You bump into the rock wall.
The orc wizard casts a spell at you. You resist with some effort.
You bump into the rock wall.
The orc wizard hits you with a +0 dagger.
You closely miss the orc wizard.
The orc wizard is moderately wounded.
The orc wizard closely misses you.
You bump into the rock wall.
The orc wizard casts a spell at you.
You are more confused.
You barely miss the orc wizard. You bite the orc wizard.
The orc wizard is heavily wounded.
The orc wizard misses you.
You bump into the rock wall.
The orc wizard points at you and mumbles some strange words.
The magic dart hits you.
* * * LOW HITPOINT WARNING * * *
It was a potion of haste.
You feel yourself speed up. The orc wizard barely misses you.
You miss the orc wizard.
The orc wizard is heavily wounded.
The orc wizard misses you. The orc wizard casts a spell at you.
The magic dart hits you!
Ouch! That really hurt!
You die...

.# ### #.# .#
.###.## #.# .#
.##...########.##.#
.#................#
.....#.#######.#..#
####...# #....#
#.### ###.## #.#
#.# #+# #@# #.# #
#.# ##.##.#o#
#......o# .......)#
........# ......###
#...##


You could see an orc wizard and an orc.

Vanquished Creatures
  A hound skeleton (D:2)
  2 adders (D:2)
  A worm (D:2)
  A dart slug (D:2)
  An orc (D:3)
  A ball python (D:2)
  4 bats
  2 endoplasms
  2 giant cockroaches (D:1)
  4 goblins
  5 hobgoblins
  A quokka (D:1)
  A frilled lizard (D:2)
  A kobold (D:1)
  2 rats
29 creatures vanquished.

Notes
Turn   | Place    | Note
-------+----------+-------------------------------------------
     0 | D:1      | Froggeryz the Felid Berserker began the quest for the Orb.
     0 | D:1      | Reached XP level 1. HP: 10/10 MP: 2/2
   568 | D:1      | Reached XP level 2. HP: 14/14 MP: 3/3
  1563 | D:2      | Reached XP level 3. HP: 17/17 MP: 4/4
  3320 | D:3      | Killed from afar by an orc wizard

Illustrated notes

Levels and vault maps discovered:
D:1:      dpeg_arrival_renting, layout_basic
D:2:      layout_basic
D:3:      layout_loops_corners, serial_glass, glass_columns_b, glass_columns_a,
          uniq_jessica, uniq_natasha

Skill      XL: |  1  2  3 |
---------------+----------+-----
Unarmed Combat | 4 |  4.3
Fighting       | |  3.0
Dodging        | |  4.9

Action                   || total
-------------------------++-------
Melee: Unarmed           ||   100
       Bite              ||     8
       Punch             ||     1
Invok: Berserk           ||     1
  Use: Scroll            ||     1
       Potion            ||     1
 Stab: Sleeping          ||     1
Armor: Skin              ||     4
Dodge: Dodged            ||    63

Table legend: (Time is in decaauts)
 A = Elapsed time spent in this place.
 B = Non-inter-level travel time spent in this place.
 C = Inter-level travel time spent in this place.
 D = Time resting spent in this place.
 E = Time spent auto-exploring this place.
 F = Levels seen in this place.
 G = Mean time per level.
                   A        B        C        D        E       F      G
               +--------+--------+--------+--------+--------+-----+--------+
         Total |   3009 |   2973 |     36 |    881 |   1782 |   3 | 1003.0 |
       Dungeon |   3009 |   2973 |     36 |    881 |   1782 |   3 | 1003.0 |
               +--------+--------+--------+--------+--------+-----+--------+

Top non-repeatable levels by time:
     D:2: 1604 daAuts
     D:1: 1166 daAuts
     D:3: 238 daAuts
